 Dungeon Crawl Stone Soup version 0.28-a0-589-g333b8329f1 (webtiles) character file.

Game seed: 15294184483187626916

200 lawman0 the Insei (level 6, 0/42 HPs)
             Began as a Djinni Transmuter on Oct 3, 2021.
             Slain by an orc (3 damage)
             ... on level 3 of the Dungeon.
             The game lasted 00:04:29 (4919 turns).

lawman0 the Insei (Djinni Transmuter)               Turns: 4919, Time: 00:04:30

Health: 0/42       AC:  2    Str:  9    XL:     6   Next: 7%
Gold:   176        EV: 20    Int: 16    God:
                   SH:  0    Dex: 19

rFire   . . .      SeeInvis .     - Unarmed
rCold   . . .      Faith    .   (shield currently unavailable)
rNeg    . . .      Spirit   .   (armour currently unavailable)
rPois   ∞          Reflect  .   (helmet currently unavailable)
rElec   .          Harm     .   (cloak currently unavailable)
rCorr   .          Rampage  .   (gloves currently unavailable)
Will    .....                   (boots unavailable)
Stlth   ++........              (no amulet)
HPRegen 0.14/turn               (no ring)
MPRegen 0.00/turn               (no ring)

@: spider-form (expiring), flying
A: venomous fangs, flying, sickness immunity, tiny, (fire resistance 2), (cold
vulnerability 1), float, innate caster, hp casting, extra vitality 1
a: End Transformation


You were on level 3 of the Dungeon.
You were a venomous arachnid creature.
You visited 1 branch of the dungeon, and saw 4 of its levels.

You collected 176 gold pieces.

Inventory:

Armour
 a - a +1 robe (melded)
 i - a +0 helmet (melded)
Scrolls
 c - a scroll of enchant armour
 d - a scroll of identify
 e - a scroll of immolation {unknown}
 f - a scroll of magic mapping {unknown}
 g - 2 scrolls of teleportation {unknown}
Potions
 b - 2 potions of curing {unknown}
 h - a potion of berserk rage


   Skills:
 + Level 1.1 Fighting
 + Level 2.6 Dodging
 + Level 0.2 Stealth
 * Level 5.2 Unarmed Combat
 * Level 2.7 Spellcasting


You couldn't memorise any spells.
You knew the following spells:

 Your Spells              Type           Power      Damage    Failure   Level
a - Beastly Appendage     Tmut           20%        N/A       17%         1
b - Wereblood             Tmut           10%        N/A       24%         2
c - Spider Form           Tmut/Pois      5%         N/A       38%         3
d - Ice Form              Ice/Tmut       10%        N/A       75%         4
e - Summon Small Mammal   Summ           40%        N/A       17%         1
f - Scorch                Fire           20%        2d6       24%         2
Your spell library was empty.

Dungeon Overview and Level Annotations

Branches:
Dungeon (4/15)
 Temple: D:4-7

Altars:

Shops:
D:1 =


Innate Abilities, Weirdness & Mutations

You are a venomous arachnid creature.
You have poisonous fangs.
You are tiny and dextrous.
You are flying.
Your spellcasting is less reliable in this form.
Your armour is entirely melded.
You are incapable of wielding weapons or throwing items.
You are immune to sickness and miasma.
You are immune to poison.
((Your flesh is very heat resistant. (rF++)))
((You are vulnerable to cold. (rC-)))
You float through the air rather than walking.
You learn spells naturally, not from books.
Your magical power is your life essence.
You have superior vitality. (+4 HP)


Message History

The orc priest mumbles some strange prayers to Beogh against you.
Beogh smites you! The orc hits you with a +0 hand axe.
The orc hits you with a +1 dagger of draining.
* * * LOW HITPOINT WARNING * * *
You bite the orc priest!
The orc priest is heavily wounded.
The orc priest misses you. The orc barely misses you.
Unknown command.
You barely miss the orc priest.
The orc priest is heavily wounded.
The orc hits you with a +1 dagger of draining.
* * * LOW HITPOINT WARNING * * *
The orc priest closely misses you. The orc misses you.
Unknown command.
You bite the orc priest!
The orc priest is poisoned.
The orc priest is almost dead.
The orc barely misses you. The orc priest hits you with a +0 club.
* * * LOW HITPOINT WARNING * * *
Unknown command.
You hit the orc priest.
You kill the orc priest!
The orc barely misses you. The orc completely misses you.
You have reached level 6!
Your experience leads to an increase in your attributes!
Your base attributes are Str 9, Int 15, Dex 14.
Increase (S)trength, (I)ntelligence, or (D)exterity?
You feel clever.
You barely miss the orc. The orc misses you. The orc barely misses you.
You barely miss the orc. The orc misses you. The orc completely misses you.
You hit the orc.
The orc is poisoned.
The orc is severely wounded.
You kill the orc!
The orc hits you with a +0 hand axe.
* * * LOW HITPOINT WARNING * * *
You hit the orc but do no damage.
The orc is poisoned.
The orc barely misses you.
You barely miss the orc.
Your transformation is almost over.
The orc hits you with a +0 hand axe.
You die...

# #.#.###.##..## ####...## #
##...........# ###.# #
##....#######.# #.# # #.....#
##'## #.# # #.....# ##...## #.# #
#.....# ##.....## ####.## ##...##
##.......## ##.#...#
######...####..)......####......#
............+...s)....'.........#
####.....####...o.....####.......
#.##.## ##.......## #.......
#.#### ##.....## #....... #.#
##...## ####...# #.# ##'## #...#
#.# #.# #...# #.# #.# ##.## #.#
##.## #.#


You could see an orc (very poisoned).

Vanquished Creatures
  An orc priest (D:3)
  2 orc wizards (D:3)
  3 adders (D:2)
  2 worms
  5 dart slugs
  9 orcs (D:3)
  8 endoplasms
  2 giant cockroaches
  3 goblins (D:3)
  4 hobgoblins
  2 jackals (D:1)
  5 kobolds
  4 quokkas
  4 ball pythons
  4 bats
  2 frilled lizards
  7 rats
67 creatures vanquished.

Notes
Turn   | Place    | Note
-------+----------+-------------------------------------------
     0 | D:1      | lawman0 the Djinni Transmuter began the quest for the Orb.
     0 | D:1      | Reached XP level 1. HP: 17/17 MP: 0/0
   482 | D:1      | Reached XP level 2. HP: 19/22 MP: 0/0
   962 | D:1      | Found Kezis's Jewellery Emporium.
  1354 | D:2      | Reached XP level 3. HP: 18/27 MP: 0/0
  1354 | D:2      | Learned a level 1 spell: Summon Small Mammal
  2089 | D:2      | Reached skill level 4 in Unarmed Combat
  2089 | D:2      | Reached XP level 4. HP: 5/32 MP: 0/0
  3646 | D:3      | Reached XP level 5. HP: 20/37 MP: 0/0
  3646 | D:3      | Learned a level 2 spell: Scorch
  4239 | D:3      | Reached skill level 5 in Unarmed Combat
  4915 | D:3      | Reached XP level 6. HP: 6/42 MP: 0/0
  4919 | D:3      | Slain by an orc

Illustrated notes

Levels and vault maps discovered:
D:1:      dpeg_arrival_ternary, layout_loops_corners, serial_shops,
          shop_fountains, minmay_misc_feat_diagonals,
          minmay_misc_feat_secret_circle, minmay_misc_feat_x
D:2:      layout_basic
D:3:      layout_loops_corners
D:4:      layout_loops_ring, mainiacjoe_overflow_alcove_4,
          mainiacjoe_overflow_concentric_impassable, st_stairs_12, uniq_edmund

Skill      XL: |  1  2  3  4  5 |
---------------+----------------+-----
Spellcasting   | 2 |  2.7
Unarmed Combat | 4 5 |  5.2
Fighting       | |  1.1
Dodging        | |  2.6
Stealth        | |  0.2

Action                   |  1- 3 |  4- 6 || total
-------------------------+-------+-------++-------
Melee: Unarmed           |   118 |   142 ||   260
       Headbutt          |    14 |     6 ||    20
       Punch             |       |     3 ||     3
 Cast: Beastly Appendage |    12 |    13 ||    25
       Wereblood         |     6 |     5 ||    11
       Spider Form       |       |     4 ||     4
  Use: Potion            |       |     1 ||     1
       Scroll            |       |     2 ||     2
Armor: Robe              |    11 |    23 ||    34
       Skin              |       |     1 ||     1
Dodge: Dodged            |    88 |    89 ||   177

Table legend: (Time is in decaauts)
 A = Elapsed time spent in this place.
 B = Non-inter-level travel time spent in this place.
 C = Inter-level travel time spent in this place.
 D = Time resting spent in this place.
 E = Time spent auto-exploring this place.
 F = Levels seen in this place.
 G = Mean time per level.
                   A        B        C        D        E       F      G
               +--------+--------+--------+--------+--------+-----+--------+
         Total |   4899 |   4804 |     95 |    928 |   3319 |   4 | 1224.8 |
       Dungeon |   4899 |   4804 |     95 |    928 |   3319 |   4 | 1224.8 |
               +--------+--------+--------+--------+--------+-----+--------+

Top non-repeatable levels by time:
     D:2: 1973 daAuts
     D:3: 1615 daAuts
     D:1: 1308 daAuts
     D:4: 2 daAuts
